 Dungeon Crawl Stone Soup version 0.29.0-5-ge4962eb29e (webtiles) character file.

Game seed: 11476078514847728219

518 apoch the Cleaver (level 7, -1/57 HPs)
             Began as a Minotaur Fighter on Aug 29, 2022.
             Slain by a sky beast (6 damage)
             ... on level 4 of the Dungeon.
             The game lasted 00:03:59 (3133 turns).

apoch the Cleaver (Minotaur Fighter)                Turns: 3133, Time: 00:04:00

Health: -1/57      AC:  9    Str: 21    XL:     7   Next: 1%
Magic:  6/6        EV:  7    Int:  5    God:
Gold:   209        SH:  4    Dex: 11    Spells: 6/6 levels left

rFire   . . .      SeeInvis .   a - +0 war axe
rCold   . . .      Faith    .   c - +0 buckler
rNeg    . . .      Spirit   .   h - +0 chain mail
rPois   .          Reflect  .   (helmet restricted)
rElec   .          Harm     .   (no cloak)
rCorr   .          Rampage  .   (no gloves)
Will    .....                   (no boots)
Stlth   ..........              (no amulet)
HPRegen 0.19/turn               (no ring)
MPRegen 0.10/turn               (no ring)

@: no status effects
A: horns 2, retaliatory headbutt
a: no special abilities


You were on level 4 of the Dungeon.
You visited 1 branch of the dungeon, and saw 4 of its levels.

You collected 209 gold pieces.

Inventory:

Hand Weapons
 a - a +0 war axe (weapon)
Armour
 b - a +0 scale mail
 c - a +0 buckler (worn)
 h - a +0 chain mail (worn)
Scrolls
 e - 3 scrolls of identify {unknown}
 f - a scroll of vulnerability {unknown}
 i - a scroll of fear {unknown}
 j - 2 scrolls of fog {unknown}
 m - a scroll of silence {unknown}
 q - a scroll of teleportation {unknown}
Potions
 g - 2 potions of brilliance {unknown}
 k - 3 potions of berserk rage {unknown}
 l - a potion of magic {unknown}
 n - 2 potions of heal wounds {unknown}
 o - a potion of lignification {unknown}
 p - 2 potions of curing {unknown}
 r - a potion of ambrosia {unknown}


   Skills:
 - Level 3.6 Fighting
 + Level 9.2 Axes
 - Level 3.6 Armour
 - Level 3.6 Shields


You had 6 spell levels left.
You didn't know any spells.
Your spell library contained the following spells:

 Spells                   Type           Power      Damage    Failure   Level
 Necrotise                Necr           0%         1d4       100%        1
 Ensorcelled Hibernation  Hex/Ice        0%         N/A       100%        2
 Spider Form              Tmut/Pois      0%         N/A       100%        3
 Vampiric Draining        Necr           0%         2d6       100%        3
 Anguish                  Hex/Necr       0%         N/A       100%        4
 Agony                    Necr           0%         N/A       100%        5
 Alistair's Intoxication  Tmut/Pois      0%         N/A       100%        5
 Borgnjor's Vile Clutch   Necr/Erth      0%         N/A       100%        5
 Eringya's Noxious Bog    Tmut/Pois      0%         N/A       100%        6
 Borgnjor's Revivificati  Necr           0%         N/A       100%        8
 Necromutation            Tmut/Necr      0%         N/A       100%        8
 Death's Door             Necr           0%         N/A       100%        9


Dungeon Overview and Level Annotations

Branches:
Dungeon (4/15)
 Temple: D:4-7

Altars:
Dithmenos
Sif Muna
Trog


Innate Abilities, Weirdness & Mutations

You have a pair of horns on your head.
You reflexively headbutt those who attack you in melee.


Message History

You hit something. Something hits you. Something shocks you.
The orc closely misses you.
You closely miss the orc.
The orc is almost dead.
You barely miss something. Something hits you. Something shocks you.
The orc hits you with a +0 short sword. Something hits you.
Something shocks you. The orc hits you but does no damage.
You slash the orc!
You kill the orc!
You hit something. Something hits you but does no damage. Something hits you.
Something shocks you.
Items here: ( ))) [[ †††.
You hit something. Something hits you but does no damage.
You barely miss something. Your headbutt misses something.
Something hits you but does no damage.
You closely miss something. Something hits you. Something shocks you.
* * * LOW HITPOINT WARNING * * *
You closely miss something. Your headbutt misses something. Something hits you.
* * * LOW HITPOINT WARNING * * *
Something shocks you.
* * * LOW HITPOINT WARNING * * *
You barely miss something.
A sky beast appears from thin air!
Reactivating autopickup.
The sky beast hits you but does no damage.
You miss the sky beast.
The sky beast is lightly wounded.
The sky beast closely misses you.
You closely miss the sky beast. You headbutt the sky beast!
The sky beast is heavily wounded.
The sky beast flickers out of sight!
Deactivating autopickup; reactivate with Ctrl-A.
Something hits you but does no damage.
There is a strange disturbance nearby!
There is a strange disturbance nearby!
You hit something but do no damage.
A sky beast appears from thin air!
Reactivating autopickup.
The sky beast hits you.
* * * LOW HITPOINT WARNING * * *
The sky beast shocks you.
You die...

..#.#.. ###
........#.###### #..
.....#.........#######.#
..... ###....#......#..#
#....#####........†.....
#..........########.####
#.....####..# #.###§
#......####.## #...'.
#Y@###..# ##..'.
##)>..#.# ####8 ####.#.#
# #...# ##.... ###.#
..### ....## ....#


You could see a sky beast.

Vanquished Creatures
  The ghost of Sobieck the Sneak, a novice VSEE (D:3)
  An ogre (D:3)
  A hound (D:4)
  An iguana (D:4)
  Natasha (D:2)
  7 adders
  A river rat (D:3)
  3 worms
  A dart slug (D:1)
  5 orcs
  3 ball pythons
  3 endoplasms
  9 giant cockroaches
  4 hobgoblins
  3 jackals (D:3)
  A quokka (D:2)
  5 bats
  2 frilled lizards
  4 goblins
  7 kobolds
  6 rats
69 creatures vanquished.

Vanquished Creatures (others)
  A quokka (D:4)
  5 withered plants (D:2)
6 creatures vanquished.

Grand Total: 75 creatures vanquished

Notes
Turn   | Place    | Note
-------+----------+-------------------------------------------
     0 | D:1      | apoch the Minotaur Fighter began the quest for the Orb.
     0 | D:1      | Reached XP level 1. HP: 19/19 MP: 0/0
   318 | D:1      | Reached skill level 3 in Axes
   413 | D:1      | Reached XP level 2. HP: 24/24 MP: 1/1
   620 | D:1      | Reached skill level 4 in Axes
   961 | D:2      | Identified the +2 sling of Absolution {freeze, rPois rF+
                  | Int-3}
  1028 | D:2      | Reached XP level 3. HP: 20/31 MP: 2/2
  1271 | D:2      | Found a faded altar of an unknown god.
  1452 | D:2      | Noticed Natasha
  1462 | D:2      | Killed Natasha
  1463 | D:2      | Reached skill level 5 in Axes
  1463 | D:2      | Reached XP level 4. HP: 28/39 MP: 3/3
  2097 | D:3      | Found a runed translucent door.
  2100 | D:3      | Noticed Sobieck's ghost (novice VSEE)
  2171 | D:3      | Killed Sobieck's ghost
  2172 | D:3      | Reached skill level 7 in Axes
  2172 | D:3      | Reached XP level 5. HP: 44/45 MP: 4/4
  2172 | D:3      | Reached XP level 6. HP: 49/51 MP: 5/5
  2174 | D:3      | Reached skill level 8 in Axes
  2179 | D:3      | Found a runed translucent door.
  2805 | D:4      | Reached skill level 9 in Axes
  2885 | D:4      | Found a shimmering blue altar of Sif Muna.
  3071 | D:4      | Found a shadowy altar of Dithmenos.
  3071 | D:4      | Found a bloodstained altar of Trog.
  3110 | D:4      | Noticed a sky beast
  3115 | D:4      | Reached XP level 7. HP: 57/57 MP: 6/6
  3133 | D:4      | Slain by a sky beast

Illustrated notes

Levels and vault maps discovered:
D:1:      denvon_arrival_waterhouse, layout_basic, minmay_worlds_worst_comb
D:2:      layout_loops_cross, ebering_ecumenical_altar_petrified, uniq_natasha
D:3:      layout_basic, ebering_ghost_sewer_f, st_stairs_10, hex_medium,
          chequers_serial_rivers_room_a
D:4:      layout_rooms, elyvilon_altar_4, tgw_sif,
          gammafunk_temple_overflow_wave, uniq_duvessa

Skill      XL: |  1  2  3  4  5  6 |
---------------+-------------------+-----
Axes           | 3 4 5 7 9 |  9.2
Fighting       | |  3.6
Armour         | |  3.6
Shields        | |  3.6

Action                   |  1- 3 |  4- 6 |  7- 9 || total
-------------------------+-------+-------+-------++-------
Melee: War axe           |    65 |    70 |    17 ||   152
       Headbutt          |     5 |     7 |     2 ||    14
Throw: Stone             |    28 |    18 |       ||    46
  Use: Potion            |       |     1 |       ||     1
Armor: Scale mail        |     4 |       |       ||     4
       Chain mail        |    24 |    26 |    13 ||    63
Dodge: Dodged            |    26 |    17 |     4 ||    47
Block: Buckler           |     6 |     9 |     1 ||    16
